 Dungeon Crawl Stone Soup version 0.27-a0-416-gca2cecf3c0 (webtiles) character file.

Game seed: 2862277826082358826

212 Morbidden the Slasher (level 5, -17/39 HPs)
             Began as a Demonspawn Gladiator on Feb 25, 2021.
             Was an Initiate of Cheibriados.
             Killed by an exploding bullfrog (27 damage)
             ... ignited by their inner flame
             ... on level 6 of the Dungeon.
             The game lasted 00:05:02 (3599 turns).

Morbidden the Slasher (Demonspawn Gladiator)        Turns: 3599, Time: 00:05:03

Health: -17/39     AC:  7    Str: 16    XL:     5   Next: 58%
Magic:  5/5        EV: 15    Int: 11    God:    Cheibriados [......]
Gold:   209        SH:  0    Dex: 17    Spells: 4/4 levels left

rFire    . . .     SeeInvis .   a - +1 long sword
rCold    . . .     Faith    .   (no shield)
rNeg     . . .     Spirit   .   z - +0 scale mail
rPois    .         Reflect  .   c - +0 helmet
rElec    .         Harm     .   (no cloak)
rCorr    .         Rampage  .   (no gloves)
Will     .....                  (no boots)
Stlth    +.........             (no amulet)
HPRegen  0.13/turn              m - +4 ring of evasion
MPRegen  0.09/turn              p - ring of wizardry

@: about to teleport, very slow
A: hooves 1, thin skeletal structure 1
a: Renounce Religion, Bend Time


You were on level 6 of the Dungeon.
You worshipped Cheibriados.
Cheibriados was noncommittal.
You visited 2 branches of the dungeon, and saw 6 of its levels.

You collected 209 gold pieces.

Inventory:

Hand Weapons
 a - a +1 long sword (weapon)
 b - a +1 dagger of freezing
Missiles
 d - 3 throwing nets
 f - 30 poisoned darts (quivered)
 l - 18 sling bullets
 o - 5 javelins
Armour
 c - a +0 helmet (worn)
 z - a +0 scale mail (worn)
 B - a +0 chain mail
Jewellery
 m - a +4 ring of evasion (left hand)
 p - a ring of wizardry (right hand)
 w - an amulet of faith
Scrolls
 t - a scroll of enchant armour {unknown}
 u - a scroll of identify {unknown}
 v - a scroll of magic mapping {unknown}
 y - a scroll of fear {unknown}
 A - a scroll of enchant weapon
Potions
 e - a potion of mutation {unknown}
 h - 2 potions of curing {unknown}
 i - a potion of heal wounds
 n - a potion of degeneration {unknown}
 q - a potion of haste {unknown}
 r - a potion of berserk rage {unknown}
 s - a potion of cancellation {unknown}
 x - a potion of attraction {unknown}


   Skills:
 * Level 2.7 Fighting
 + Level 1.4(3.0) Short Blades
 * Level 4.0(4.1) Long Blades
 + Level 2.4 Throwing
 + Level 1.3 Armour
 + Level 3.4 Dodging
 + Level 0.1 Stealth


You had 4 spell levels left.
You didn't know any spells.
Your spell library was empty.

Dungeon Overview and Level Annotations

Branches:
Dungeon (4/15)             Temple (1/1) D:4

Altars:
Cheibriados
Fedhas
Gozag
Hepliaklqana
Kikubaaqudgha
Makhleb
Nemelex Xobeh
Qazlal
Ru
Sif Muna
Trog
Uskayaw
Yredelemnul
The Shining One


Innate Abilities, Weirdness & Mutations

You have large cloven feet.
You have a somewhat thin skeletal structure. (Dex +2, Stealth)


Message History

You have reached level 5!
Unknown command.
Unknown command.
Unknown command.
Unknown command.
Unknown command.
Unknown command.
Unknown command.
Unknown command.
Unknown command.
Unknown command.
Unknown command.
Unknown command.
Unknown command.
The bullfrog closely misses you.
An orc wizard comes into view. It is wielding a +0 dagger.
Unknown command.
Unknown command.
Unknown command.
Unknown command.
You feel much better. The bullfrog misses you.
You riposte.
You slash the bullfrog!
Flame seeps out of the bullfrog.
You kick the bullfrog, but do no damage.
The bullfrog is moderately wounded.
The orc priest mumbles some strange prayers to Beogh against you.
Beogh smites you!
* * * LOW HITPOINT WARNING * * *
The orc wizard gestures at itself while chanting.
The orc wizard flickers and vanishes!
Deactivating autopickup; reactivate with Ctrl-A.
The bullfrog is engulfed in blazing flames.
Flame seeps out of the bullfrog.
The bullfrog closely misses you.
You riposte.
You hit the bullfrog.
Flame seeps out of the bullfrog.
You kick the bullfrog.
Cheibriados appreciates the change of pace.
The bullfrog explodes!
The fiery explosion engulfs the orc!
Cheibriados appreciates the change of pace.
The fiery explosion engulfs you!!
Ouch! That really hurt!
You die...

...>#.. .## ..
.... ....#..
..##... ....
....##o.$.... ....
#...#oZ/....
.....##
##o.{z...z..
..##...###..#z# ##
..........S§#o#§§#
#.......§○§)§§#
#.#.....§@§#).#
#.........#.####
#..........#.#
....#..#.#.....
..<...###.......
...##. ....####. .
## .....# #.
##.#.. ..


You could see an orc warrior (inner flame), 2 wights, an orc priest, an orc
wizard, an adder, an orc (inner flame) and a bullfrog zombie (inner flame).

Vanquished Creatures
  An ogre (D:6)
  A bullfrog (D:6)
  2 adders
  A gnoll (D:2)
  An ooze (D:1)
  2 worms (D:2)
  2 dart slugs
  4 leopard geckos
  10 orcs
  2 ball pythons (D:1)
  7 bats
  A giant cockroach (D:2)
  12 goblins
  10 hobgoblins
  3 jackals (D:1)
  4 kobolds
  A quokka (D:6)
  9 frilled lizards
  10 rats
83 creatures vanquished.

Notes
Turn   | Place    | Note
-------+----------+-------------------------------------------
     0 | D:1      | Morbidden the Demonspawn Gladiator began the quest for the
                  | Orb.
     0 | D:1      | Reached XP level 1. HP: 16/16 MP: 1/1
   114 | D:1      | Reached skill level 3 in Long Blades
   117 | D:1      | Gained mutation: You have large cloven feet. [demonic
                  | ancestry]
   117 | D:1      | Reached XP level 2. HP: 20/22 MP: 2/2
   441 | D:1      | Reached XP level 3. HP: 27/27 MP: 3/3
  1815 | D:2      | Found a stormy altar of Qazlal.
  1965 | D:2      | Gained mutation: You have a somewhat thin skeletal
                  | structure. (Dex +2, Stealth) [demonic ancestry]
  1965 | D:2      | Reached XP level 4. HP: 8/33 MP: 4/4
  2823 | D:3      | Reached skill level 1 in Short Blades
  3334 | D:4      | Found a staircase to the Ecumenical Temple.
  3358 | Temple   | Entered the Ecumenical Temple
  3523 | Temple   | Became a worshipper of Cheibriados the Contemplative
  3574 | D:4      | You fall into a shaft and drop 2 floors!
  3585 | D:6      | Noticed a bullfrog
  3590 | D:6      | Noticed an orc warrior
  3593 | D:6      | Noticed an ogre
  3597 | D:6      | Killed an ogre
  3598 | D:6      | Reached skill level 4 in Long Blades
  3598 | D:6      | Reached skill level 1 in Armour
  3598 | D:6      | Reached XP level 5. HP: 4/39 MP: 5/5
  3599 | D:6      | Killed by an exploding bullfrog... ignited by their inner
                  | flame

Illustrated notes

Levels and vault maps discovered:
D:1:      wander_arrival_desolate, layout_rooms, minmay_pentomino_u4
D:2:      layout_basic, lemuel_coloured_pillars_altar
D:3:      layout_basic
D:4:      layout_cave_pools, minitemple, minmay_temple_entry_sparse_star,
          gammafunk_ghost_split, tgw_trog
D:6:      layout_cave_pools, pdpol_wu_jian_five_deadly_venoms,
          gammafunk_ghost_stat_death, serial_shops, nicolae_shop_statue_plus,
          shop, sigmund_army, uniq_edmund
Temple:   dpeg_five_rooms_temple

Skill      XL: |  1  2  3  4 |
---------------+-------------+-----
Long Blades    | 3 4 |  4.0
Dodging        | 3 |  3.4
Throwing       | 2 |  2.4
Short Blades   | 1 |  1.4
Armour         | 1 |  1.3
Fighting       | |  2.7
Stealth        | |  0.1

Action                   |  1- 3 |  4- 6 || total
-------------------------+-------+-------++-------
Melee: Dagger            |   124 |    50 ||   174
       Long sword        |     5 |    13 ||    18
       Kick              |    19 |    25 ||    44
Throw: Dart              |    21 |     4 ||    25
  Use: Scroll            |       |     4 ||     4
       Potion            |       |     2 ||     2
Armor: Leather armour    |    32 |       ||    32
       Plate armour      |     6 |    15 ||    21
       Scale mail        |     3 |     7 ||    10
Dodge: Dodged            |    86 |    44 ||   130
       Rpst.: Long sword |     4 |     7 ||    11

Table legend: (Time is in decaauts)
 A = Elapsed time spent in this place.
 B = Non-inter-level travel time spent in this place.
 C = Inter-level travel time spent in this place.
 D = Time resting spent in this place.
 E = Time spent auto-exploring this place.
 F = Levels seen in this place.
 G = Mean time per level.
                   A        B        C        D        E       F      G
               +--------+--------+--------+--------+--------+-----+--------+
         Total |   3597 |   3364 |    233 |    409 |   2350 |   6 |  599.5 |
       Dungeon |   3369 |   3227 |    142 |    409 |   2216 |   5 |  673.8 |
        Temple |    227 |    136 |     91 |      0 |    134 |   1 |  227.0 |
               +--------+--------+--------+--------+--------+-----+--------+

Top non-repeatable levels by time:
     D:1: 1272 daAuts
     D:2: 1210 daAuts
     D:3: 751 daAuts
  Temple: 227 daAuts
     D:4: 106 daAuts
     D:6: 28 daAuts
